 Dungeon Crawl Stone Soup version 0.19.4-9-g45fd643 (webtiles) character file.

203 xveg the Ruffian (level 5, -9/79 HPs)
             Began as a Troll Berserker on Feb 21, 2017.
             Was a Believer of Trog.
             Splashed by Pikel's acid (11 damage)
             ... on level 4 of the Dungeon.
             The game lasted 00:07:07 (2273 turns).

xveg the Ruffian (Troll Berserker)                  Turns: 2273, Time: 00:07:07

Health: -9/79      AC:  1    Str: 31    XL:     5   Next: 51%
Magic:  4/4        EV: 10    Int:  3    God:    Trog [**....]
Gold:   146        SH:  0    Dex:  9    Spells: 0 memorised, 4 levels left

rFire  . . .     SeeInvis .       - Unarmed
rCold  . . .     Gourm    +     a - +0 animal skin
rNeg   . . .     Faith    .     (no shield)
rPois  .         Spirit   .     (helmet restricted)
rElec  .         Reflect  .     (no cloak)
rCorr  .         Harm     .     (gloves unavailable)
MR     .....                    (boots unavailable)
Stlth  ..........               g - amulet of the gourmand
                                (no ring)
                                (no ring)

@: berserking, corroded, very quick
A: unfitting armour, claws 3, fast metabolism 3, gourmand, regeneration 1,
shaggy fur 1, tough skin 2
a: Berserk, Trog's Hand, Burn Spellbooks, Renounce Religion


You were on level 4 of the Dungeon.
You worshipped Trog.
Trog was pleased with you.
You were not hungry.

You visited 1 branch of the dungeon, and saw 4 of its levels.

You collected 146 gold pieces.

Inventory:

Hand Weapons
 m - a +0 flail
 n - a +0 club
Armour
 a - a +0 animal skin (worn)
 s - a +0 large shield
Jewellery
 g - an amulet of the gourmand (around neck)
Scrolls
 c - a scroll of teleportation {unknown}
 f - 4 scrolls of remove curse {unknown}
 i - a scroll of enchant armour {unknown}
 j - a scroll of identify {unknown}
 o - a scroll of random uselessness {unknown}
 p - 2 scrolls of fog {unknown}
 q - a scroll of magic mapping {unknown}
 r - a scroll of fear {unknown}
 t - a scroll of amnesia {unknown}
 w - a scroll of immolation {unknown}
Potions
 d - 2 potions of curing {unknown}
 e - a potion of might {unknown}
 k - a potion of degeneration {unknown}
 l - a potion of berserk rage {unknown}
 v - 2 potions of brilliance {unknown}
 z - a potion of flight {unknown}
 A - a potion of cancellation {unknown}
Comestibles
 b - 3 bread rations
 h - 2 slices of pizza
 u - a royal jelly
 x - a beef jerky


   Skills:
 + Level 3.0 Fighting
 + Level 3.1 Dodging
 + Level 0.5 Stealth
 + Level 5.1 Unarmed Combat


You had 4 spell levels left.
You didn't know any spells.

Dungeon Overview and Level Annotations

Branches:
Dungeon (4/15)
 Temple: D:4-7

Altars:
Cheibriados

Annotations:
D:4 Pikel


Innate Abilities, Weirdness & Mutations

You are too large for most types of armour.
You have claws for hands.
Your metabolism is lightning-fast.
You like to eat raw meat.
Your natural rate of healing is unusually fast.
You are covered in fur. (AC +1)
You have very tough skin. (AC +2)


Message History

Pikel is moderately wounded.
The slave hits you. The slave hits you! Pikel hits you with a whip of freezing.
Pikel freezes you.
A red film seems to cover your vision as you go berserk!
You feel yourself moving faster!
You feel mighty! The slave barely misses you. The slave closely misses you.
Pikel zaps a wand.
The bolt of acid hits you! The acid corrodes you!
You are splashed with acid!
The acid burns!
* * * LOW HITPOINT WARNING * * *
It is a wand of acid.
The slave misses you.
A hound comes into view.
The hound barks!
You mangle Pikel!!
Pikel is almost dead.
The slave barely misses you. x2
You closely miss Pikel.
Pikel is almost dead.
Pikel zaps a wand.
The bolt of acid hits you!
* * * LOW HITPOINT WARNING * * *
You are splashed with acid!
The acid burns!
You die...

...#.#......#.#.###
...............#.#.#
....#.#.#..#.#.#.#.###
.....................
.................### .
#...##..###.###.# ...
#...##..# #.# #.#
#....#p..##..# #.# #.#
....p.K@.....# #.# #.#
..>...pp.....# #.# #.#
###..#...##..# #.# #.#
.............# #.# #.#
..#..#...##..# #.#
.....#.h...... ...
+........# ...
#..###..##


You could see Pikel, 4 slaves and a hound.

Vanquished Creatures
  Jessica (D:2)
  Natasha (D:4)
  Robin (D:2)
  3 gnolls (D:2)
  3 adders
  2 oozes
  4 dart slugs
  4 leopard geckos
  An orc (D:3)
  2 giant cockroaches
  14 hobgoblins
  2 ball pythons
  5 bats
  3 frilled lizards (D:2)
  12 goblins
  4 kobolds
  6 rats
68 creatures vanquished.

Notes
Turn   | Place    | Note
-------+----------+-------------------------------------------
     0 | D:1      | xveg the Troll Berserker began the quest for the Orb.
     0 | D:1      | Reached XP level 1. HP: 22/22 MP: 0/0
   168 | D:1      | Reached XP level 2. HP: 28/29 MP: 1/1
   558 | D:2      | Reached XP level 3. HP: 36/36 MP: 2/2
   596 | D:2      | Noticed Jessica
   601 | D:2      | Killed Jessica
   601 | D:2      | Reached skill level 4 in Unarmed Combat
   601 | D:2      | Reached XP level 4. HP: 40/44 MP: 3/3
   706 | D:2      | Noticed Robin
   708 | D:2      | Reached ** piety under Trog
   712 | D:2      | Killed Robin
  1269 | D:2      | Found a snail-covered altar of Cheibriados.
  1434 | D:3      | Found a faded altar of an unknown god.
  1548 | D:3      | Reached XP level 5. HP: 53/53 MP: 4/4
  2209 | D:4      | Noticed Natasha
  2215 | D:4      | Killed Natasha
  2215 | D:4      | Reached skill level 5 in Unarmed Combat
  2262 | D:4      | Noticed a slave
  2263 | D:4      | Noticed a slave
  2263 | D:4      | Noticed Pikel
  2265 | D:4      | Noticed a slave
  2268 | D:4      | Noticed a slave
  2273 | D:4      | HP: 2/79 [Pikel/wand of acid (21)]
  2273 | D:4      | Splashed by Pikel's acid

Skill      XL: |  1  2  3  4  5 |
---------------+----------------+-----
Unarmed Combat | 4 5 |  5.1
Fighting       | 3 |  3.0
Dodging        | 3 |  3.1
Stealth        | |  0.5

Action                   |  1- 3 |  4- 6 || total
-------------------------+-------+-------++-------
Melee: Unarmed           |    45 |   125 ||   170
       Punch             |       |     2 ||     2
Invok: Berserk           |       |     2 ||     2
 Stab: Sleeping          |     1 |     1 ||     2
  Eat: Chunk             |    11 |    12 ||    23
Armor: Animal skin       |    12 |    45 ||    57
Dodge: Dodged            |    15 |    72 ||    87
